 Dungeon Crawl Stone Soup version 0.28.0-47-ge53b351184 (webtiles) character file.

Game seed: 6176386151527452051

1217 CryoSword the Tainter (level 8, 0/56 HPs)
             Began as a Demonspawn Venom Mage on Apr 27, 2022.
             Slain by an acid dragon (10 damage)
             ... on level 6 of the Dungeon.
             The game lasted 00:11:48 (7262 turns).

CryoSword the Tainter (Demonspawn Venom Mage)       Turns: 7262, Time: 00:11:48

Health: 0/56       AC:  0    Str: 10    XL:     8   Next: 22%
Magic:  10/12      EV: 12    Int: 18    God:
Gold:   211        SH:  4    Dex: 13    Spells: 2/12 levels left

rFire   . . .      SeeInvis .   a - +1 long sword (vorpal)
rCold   . . .      Faith    +   (no shield)
rNeg    . . .      Spirit   .   q - +0 robe
rPois   .          Reflect  .   (no helmet)
rElec   .          Harm     .   (no cloak)
rCorr   .          Rampage  .   (no gloves)
Will    .....                   (no boots)
Stlth   ++........              d - amulet of faith {!P}
HPRegen 0.18/turn               (no ring)
MPRegen 0.26/turn               (no ring)

@: corroded
A: yellow scales 1, magic regeneration, condensation shield
a: no special abilities


You were on level 6 of the Dungeon.
You visited 1 branch of the dungeon, and saw 6 of its levels.

You collected 211 gold pieces.

Inventory:

Hand Weapons
 a - a +1 vorpal long sword (weapon)
   (You found it on level 4 of the Dungeon)
 w - a +2 dagger of venom
   (You took it off an orc on level 4 of the Dungeon)
Missiles
 e - 19 poisoned darts
 g - 2 throwing nets
Armour
 q - a +0 robe (worn)
Jewellery
 d - an amulet of faith (around neck) {!P}
   (You found it on level 1 of the Dungeon)
Scrolls
 h - a scroll of vulnerability {unknown}
 j - 2 scrolls of teleportation {unknown}
 k - a scroll of immolation {unknown}
 l - a scroll of enchant weapon {unknown}
 m - a scroll of enchant armour {unknown}
 s - 3 scrolls of identify {unknown}
 t - a scroll of fear {unknown}
Potions
 b - a potion of attraction {unknown}
 f - a potion of ambrosia
 i - a potion of flight {unknown}
 n - a potion of resistance {unknown}
 p - 2 potions of curing {@q1}
 r - a potion of degeneration {unknown}


   Skills:
 + Level 1.8 Fighting
 - Level 1.7 Dodging
 - Level 1.7 Stealth
 + Level 2.7 Spellcasting
 + Level 1.8 Conjurations
 - Level 2.0 Transmutations
 + Level 1.6 Air Magic
 * Level 9.1 Poison Magic


You had 2 spell levels left.
You knew the following spells:

 Your Spells              Type           Power      Damage    Failure   Level
a - Sting                 Tmut/Pois      88%        1d7       1%          1
b - Poisonous Vapours     Pois/Air       42%        N/A       2%          2
c - Olgreb's Toxic Radia  Pois           35%        N/A       3%          4
C - Mephitic Cloud        Conj/Pois/Air  17%        N/A       9%          3

Your spell library contained the following spells:

 Spells                   Type           Power      Damage    Failure   Level
 Wereblood                Tmut           9%         N/A       11%         2
 Passwall                 Tmut/Erth      5%         N/A       17%         2
 Corpse Rot               Necr/Air       10%        N/A       19%         2
 Ensorcelled Hibernation  Hex/Ice        4%         N/A       26%         2
 Sublimation of Blood     Necr           2%         N/A       26%         2
 Swiftness                Air            8%         N/A       26%         3
 Gell's Gravitas          Tloc           2%         N/A       45%         3
 Teleport Other           Tloc           2%         N/A       45%         3
 Dispersal                Tloc           1%         N/A       100%        6
 Summon Hydra             Summ           1%         N/A       100%        7


Dungeon Overview and Level Annotations

Branches:
Dungeon (6/15)
 Temple: D:4-7

Altars:
Ashenzari


Innate Abilities, Weirdness & Mutations

You are partially covered in yellow scales. (AC +2)
You regenerate magic rapidly.
A meltable shield of frost defends you. (SH +4)


Message History

The bat is poisoned.
Eustachio looks as sick as possible!
Your toxic aura wanes.
You slash Eustachio! You block the bat's attack. The bat closely misses you. x2
Eustachio drinks a potion.
Eustachio is healed!
Eustachio looks more healthy.
You hit Eustachio but do no damage. The bat closely misses you.
Eustachio hits you with a +0 rapier. The bat closely misses you.
You don't have enough magic to cast this spell.
You miss Eustachio.
You kill the bat!
The bat's corpse disappears in a puff of smoke!
Eustachio gestures wildly while chanting.
Eustachio hits you with a +0 rapier.
Your +2 dagger of venom begins to drip with poison!
w - a +2 dagger of venom (weapon)
You hit Eustachio.
Eustachio is poisoned.
Eustachio barely misses you.
You closely miss Eustachio. Eustachio hits you with a +0 rapier.
The white imp hits you. The white imp freezes you.
You hit Eustachio.
Eustachio looks as sick as possible!
Eustachio hits you with a +0 rapier.
Eustachio casts a spell.
Eustachio blinks!
You kill Eustachio!
The white imp disappears in a puff of smoke!
The ufetubus disappears in a puff of smoke!
Your Poison Magic skill increases to level 9!
You have reached level 8!
You feel clever.
Your demonic ancestry asserts itself...
Your magic begins to regenerate rapidly.
You start resting.
You start resting.
You now have 211 gold pieces (gained 5).
Things that are here:
a +0 rapier; a +0 leather armour You pick up a book of Burglary and begin reading...
You add the spells Passwall, Ensorcelled Hibernation and Swiftness to your library.
A hound comes into view.
A hound is nearby!
A hound is nearby!
A hound is nearby!
A centaur skeleton comes into view.
The hound barks!
You hear a bark!
A hound comes into view.
The hound moves out of view.
You hit the hound.
The hound is poisoned.
You punch the hound. The hound misses you. x2
Aim: a hound (severely wounded, very poisoned) Poisonous vapours surround the hound!
The hound looks as sick as possible!
The hound bites you.
You begin to radiate toxic energy.
The hound is poisoned.
You kill the hound!
The hound looks even sicker.
Your +2 dagger of venom stops dripping with poison.
a - a +1 vorpal long sword (weapon)
You hit the hound.
Your toxic aura wanes.
The hound bites you.
The centaur skeleton completely misses you.
The centaur skeleton barely misses you. The hound closely misses you.
You hit the centaur skeleton but do no damage.
The hound barely misses you. The centaur skeleton misses you.
You block the centaur skeleton's attack.
The hound bites you but does no damage.
The centaur skeleton hits you but does no damage.
The centaur skeleton closely misses you.
You slash the centaur skeleton! The hound bites you but does no damage.
The centaur skeleton hits you.
The centaur skeleton closely misses you.
The hound closely misses you.
The centaur skeleton barely misses you. x2
You hit the centaur skeleton. The hound misses you.
You block the centaur skeleton's attack.
The centaur skeleton kicks you but does no damage.
The hound barely misses you.
The centaur skeleton hits you but does no damage.
The centaur skeleton kicks you but does no damage.
The hound bites you but does no damage.
You begin to radiate toxic energy.
You kill the hound!
The centaur skeleton hits you but does no damage.
The centaur skeleton barely misses you.
You slash the centaur skeleton!
Your toxic aura wanes.
You block the centaur skeleton's attack.
The centaur skeleton kicks you but does no damage.
The centaur skeleton hits you. The centaur skeleton barely misses you.
You hit the centaur skeleton.
You destroy the centaur skeleton!
c - 2 potions of heal wounds {@q2} (gained 1)
You see here a hound corpse.
There is an escape hatch in the ceiling here.
Found a spear.
Found an escape hatch in the floor.
There is an escape hatch in the floor here.
Found a stone staircase leading up.
Found 14 stones.
Found a stone staircase leading down.
An acid dragon comes into view.
The acid dragon roars!
The acid dragon spits acid at you. The splash of acid misses you.
An acid dragon is nearby!
An acid dragon is nearby!
An acid dragon is nearby!
You hit the acid dragon but do no damage.
The acid dragon spits acid at you. The splash of acid hits you!
You closely miss the acid dragon. The acid dragon barely misses you.
The acid dragon claws you but does no damage.
You hit the acid dragon. The acid dragon bites you! The acid dragon misses you.
The acid dragon bites you!
* * * LOW HITPOINT WARNING * * *
The acid dragon claws you but does no damage.
You begin to radiate toxic energy.
The acid dragon barely misses you. x2
Here: an acid dragon (lightly wounded)
The floor.
Unknown command.
Okay, then.
Unknown command.
Aim: an acid dragon (lightly wounded, chance to affect: 49%)
The acid dragon resists with some effort.
Your toxic aura wanes.
You block the acid dragon's attack.
The acid dragon claws you but does no damage.
Aim: an acid dragon (lightly wounded, chance to affect: 49%)
The acid dragon resists with some effort.
You block the acid dragon's attack. The acid dragon claws you.
* * * LOW HITPOINT WARNING * * *
Aim: an acid dragon (lightly wounded, chance to affect: 49%)
The acid dragon resists with some effort.
The now-empty wand crumbles to dust.
The acid dragon spits acid at you. The splash of acid hits you!!
* * * LOW HITPOINT WARNING * * *
You feel much better. You block the acid dragon's attack.
The acid dragon claws you.
* * * LOW HITPOINT WARNING * * *
You hit the acid dragon. The acid dragon bites you!
* * * LOW HITPOINT WARNING * * *
You block the acid dragon's attack.
You feel much better.
The acid dragon bites you but does no damage.
The acid dragon claws you but does no damage.
You slash the acid dragon! The acid dragon bites you!
The acid dragon barely misses you.
You hit the acid dragon. The acid dragon spits acid at you.
The splash of acid hits you!!
* * * LOW HITPOINT WARNING * * *
The acid corrodes you! The acid dragon bites you!
You die...

##....####......###
##......##..#(.....##
##.......#..##.......##
.#.........#####.#......
.........>.## #.#......
............# ###......
............## #......
.............# #......
.......@....## #......
#......D...## ###......
##........## ##........
##......## ##.........
#....### ##..........
#...# ###..........#
#.## ##..........<.# .#
##............##
##.............#


You could see an acid dragon (catching breath).

Vanquished Creatures
  Eustachio (D:6)
  A water moccasin (D:4)
  2 black bears
  A bullfrog (D:6)
  2 scorpions (D:5)
  A water moccasin skeleton (D:5)
  4 hounds
  A centaur zombie (D:5)
  3 centaur skeletons
  A jelly (D:5)
  An iguana (D:6)
  2 orc wizards
  4 gnolls (D:5)
  6 adders
  A howler monkey skeleton (D:6)
  2 shadow imps
  An ufetubus (D:4)
  3 adder skeletons
  A worm (D:2)
  A dart slug (D:4)
  10 orcs
  6 ball pythons
  5 bats
  8 endoplasms
  A giant cockroach (D:4)
  4 goblins
  9 hobgoblins
  6 jackals
  A quokka (D:1)
  3 frilled lizards (D:1)
  8 kobolds
  4 rats
104 creatures vanquished.

Vanquished Creatures (others)
  5 fungi (D:6)
5 creatures vanquished.

Grand Total: 109 creatures vanquished

Notes
Turn   | Place    | Note
-------+----------+-------------------------------------------
     0 | D:1      | CryoSword the Demonspawn Venom Mage began the quest for the
                  | Orb.
     0 | D:1      | Reached XP level 1. HP: 13/13 MP: 3/3
   185 | D:1      | Reached skill level 1 in Transmutations
   576 | D:1      | Gained mutation: You are partially covered in yellow
                  | scales. (AC +2) [demonic ancestry]
   576 | D:1      | Reached XP level 2. HP: 19/19 MP: 3/5
   701 | D:1      | Found a faded altar of an unknown god.
  1679 | D:2      | Reached skill level 4 in Poison Magic
  1679 | D:2      | Reached XP level 3. HP: 24/24 MP: 3/6
  2101 | D:2      | Learned a level 2 spell: Poisonous Vapours
  2105 | D:2      | Learned a level 3 spell: Mephitic Cloud
  2695 | D:3      | Found a broken altar of Ashenzari.
  2896 | D:3      | Reached XP level 4. HP: 30/30 MP: 5/7
  3324 | D:4      | Noticed a water moccasin
  3324 | D:4      | Noticed a black bear
  3626 | D:4      | Reached skill level 5 in Poison Magic
  3797 | D:4      | Killed a black bear
  3798 | D:4      | Gained mutation: A meltable shield of frost defends you.
                  | (SH +4) [demonic ancestry]
  3798 | D:4      | Reached XP level 5. HP: 35/35 MP: 2/8
  3920 | D:4      | Killed a water moccasin
  3921 | D:4      | Reached skill level 6 in Poison Magic
  3921 | D:4      | Reached XP level 6. HP: 41/41 MP: 9/9
  4946 | D:5      | Entered Level 5 of the Dungeon
  5004 | D:5      | Reached skill level 7 in Poison Magic
  5327 | D:5      | Reached XP level 7. HP: 36/46 MP: 6/10
  5426 | D:5      | Reached skill level 8 in Poison Magic
  6187 | D:5      | Learned a level 4 spell: Olgreb's Toxic Radiance
  6190 | D:6      | Noticed Eustachio
  6643 | D:6      | Reached skill level 1 in Fighting
  6643 | D:6      | Reached skill level 1 in Conjurations
  6764 | D:6      | Reached skill level 1 in Air Magic
  6900 | D:6      | Killed Eustachio
  6901 | D:6      | Reached skill level 9 in Poison Magic
  6901 | D:6      | Gained mutation: You regenerate magic rapidly. [demonic
                  | ancestry]
  6901 | D:6      | Reached XP level 8. HP: 30/54 MP: 2/12
  7262 | D:6      | Slain by an acid dragon

Illustrated notes

Levels and vault maps discovered:
D:1:      evilmike_arrival_rings, layout_basic,
          hellmonk_ecumenical_altar_arch_garden
D:2:      layout_loops_corners, feat_on_display
D:3:      layout_rooms, old_standard_altar
D:4:      layout_basic, amethyst_killhole
D:5:      layout_loops_ring
D:6:      kennysheep_steamy, layout_cave_pods, serial_shops, shop,
          uniq_eustachio

Skill      XL: |  1  2  3  4  5  6  7 |
---------------+----------------------+-----
Transmutations | 1 2 |  2.0
Poison Magic   | 4 5 6 7 9 |  9.1
Fighting       | 1 |  1.8
Conjurations   | 1 |  1.8
Air Magic      | 1 |  1.6
Dodging        | |  1.7
Stealth        | |  1.7
Spellcasting   | |  2.7

Action                   |  1- 3 |  4- 6 |  7- 9 || total
-------------------------+-------+-------+-------++-------
Melee: Dagger            |    48 |    43 |    21 ||   112
       Whip              |     4 |       |       ||     4
       Punch             |     1 |       |     1 ||     2
       Long sword        |       |    37 |    54 ||    91
 Cast: Sting             |    65 |    47 |     8 ||   120
       Poisonous Vapours |     3 |     5 |    19 ||    27
       Olgreb's Toxic Ra |       |       |     7 ||     7
Evoke: Wand              |       |       |     3 ||     3
  Use: Potion            |       |     2 |     2 ||     4
 Stab: Sleeping          |     1 |     3 |       ||     4
Armor: Robe              |    20 |    32 |    41 ||    93
Dodge: Dodged            |    49 |    95 |    85 ||   229
Block: Other             |       |    11 |    23 ||    34
